 Dungeon Crawl Stone Soup version 0.18-a0-1575-g920359c (webtiles) character file.

319 Ijustatesigmund the Insei (level 6, -8/42 HPs)
             Began as an Octopode Transmuter on Mar 16, 2016.
             Killed by nerve-wracking pain
             ... invoked by an orc priest
              (13 damage)
             ... on level 4 of the Dungeon.
             The game lasted 00:06:36 (2965 turns).

Ijustatesigmund the Insei (Octopode Transmuter)     Turns: 2965, Time: 00:06:37

Health: -8/42      AC:  1    Str:  9    XL:     6   Next: 45%
Magic:  18/18      EV: 12    Int: 17    God:
Gold:   179        SH:  0    Dex: 13    Spells: 3 memorised, 3 levels left

rFire  . . .     SeeInvis .       - Unarmed
rCold  . . .     Gourm    .     (no shield)
rNeg   . . .     Faith    .     (helmet restricted)
rPois  .         Spirit   .     (no amulet)
rElec  .         Dismiss  .     o - ring of magical power
rCorr  .         Reflect  .     u - ring of flight
SustAt .         Harm     .     (no ring)
MR     .....                    (no ring)
Stlth  ++++......               (no ring)
                                (no ring)
                                (no ring)
                                (no ring)

@: not resistant to hostile enchantments, stealthy
A: almost no armour, amphibious, 8 rings, constrict 8, camouflage 1, gelatinous
body 1
a: Evoke Flight


You were on level 4 of the Dungeon.
You were hungry.

You visited 1 branch of the dungeon, and saw 4 of its levels.

You collected 179 gold pieces.

Inventory:

Missiles
 a - 36 arrows
Jewellery
 o - a ring of magical power (left tentacle)
 u - a ring of flight (right tentacle)
Wands
 m - a wand of teleportation (3/9)
 s - a wand of paralysis (5/24)
Scrolls
 f - a scroll of recharging
 i - 2 scrolls of enchant weapon
 l - 4 scrolls of teleportation
 p - a scroll of identify
 q - 6 scrolls of remove curse
Potions
 d - a potion of resistance
 e - 3 potions of mutation
 g - a potion of berserk rage {unknown}
 h - 2 potions of curing
 k - a potion of ambrosia {unknown}
 n - a potion of might {unknown}
 t - 2 potions of haste {unknown}
Books
 b - a book of Changes

   Spells                             Type                      Level
   a - Beastly Appendage              Transmutation                1
   b - Sticks to Snakes               Transmutation                2
   c - Spider Form                    Transmutation/Poison         3
   d - Ice Form                       Ice/Transmutation            4
   e - Blade Hands                    Transmutation                5
 j - a book of Alchemy

   Spells                             Type                      Level
   a - Sublimation of Blood           Necromancy                   2
   b - Ignite Poison                  Fire/Transmutation/Poison    3
   c - Petrify                        Transmutation/Earth          4
   d - Alistair's Intoxication        Transmutation/Poison         5
   e - Irradiate                      Conjuration/Transmutation    5
Comestibles
 c - 2 bread rations
 r - a beef jerky


   Skills:
 + Level 3.5 Fighting
 - Level 2.0 Dodging
 - Level 3.6 Stealth
 + Level 4.8 Unarmed Combat
 - Level 2.0 Spellcasting
 - Level 2.0 Transmutations
 + Level 2.6 Poison Magic


You had 3 spell levels left.
You knew the following spells:

 Your Spells              Type           Power        Failure   Level  Hunger
a - Beastly Appendage     Trmt           #.....       10%         1    #......
b - Sticks to Snakes      Trmt           #.......     14%         2    ###....
c - Spider Form           Trmt/Pois      #.........   24%         3    ###....


Dungeon Overview and Level Annotations

Branches:
Dungeon (4/15)
 Temple: D:4-7

Altars:
Elyvilon
Okawaru


Innate Abilities, Weirdness & Mutations

You cannot wear most types of armour.
You are amphibious.
You can wear up to eight rings at the same time.
You can use your tentacles to constrict eight enemies at once.
Your skin changes colour to match your surroundings (Stealth).
Your rubbery body absorbs attacks (AC +1).


Message History

The orc is heavily wounded.
The orc closely misses you.
You tentacle-slap the orc. You grab the orc.
The orc is severely wounded.
You constrict the orc. You bludgeon the orc!
You kill the orc!
The orc priest hits you.
* * * LOW HITPOINT WARNING * * *
Found an escape hatch in the floor.
Items here: ))) [[ †† You barely miss the orc priest.
You grab the orc priest. You constrict the orc priest.
The orc priest closely misses you.
You tentacle-slap the orc priest.
You tentacle-slap the orc priest, but do no damage.
The orc priest is moderately wounded.
You constrict the orc priest, but do no damage.
The orc priest calls down the wrath of Beogh upon you.
Pain shoots through your body!
You die...

######### ###
#.......#
##.###.#####.##
##.#<##.##.....#
#.###......##.##
##.#.##.#####.#
##.###.#####.######..>
#.# #........@o......
#.# ##############...
..# ######### ..#
#.......# ..##
#.......# .# #.......#
.# #. #.......# .#
#.......#### .#
#.....>.##.###.#


You could see an orc priest.

Vanquished Creatures
  A hound (D:4)
  An orc wizard (D:4)
  2 orc priests
  Jessica (D:2)
  A giant frog skeleton (D:4)
  A worker ant (D:4)
  3 gnolls (D:3)
  4 adders
  A worm (D:3)
  A giant gecko (D:4)
  6 orcs
  2 giant cockroaches
  4 goblins
  7 hobgoblins
  2 quokkas
  7 bats
  5 giant newts
  11 kobolds
  2 rats (D:2)
62 creatures vanquished.

Vanquished Creatures (others)
  4 toadstools (D:1)
4 creatures vanquished.

Grand Total: 66 creatures vanquished

Notes
Turn   | Place    | Note
--------------------------------------------------------------
     0 | D:1      | Ijustatesigmund the Octopode Transmuter began the quest for the Orb.
     0 | D:1      | Reached XP level 1. HP: 13/13 MP: 3/3
   536 | D:1      | Reached XP level 2. HP: 12/18 MP: 5/5
   633 | D:1      | Learned a level 2 spell: Sticks to Snakes
   935 | D:2      | Reached XP level 3. HP: 20/24 MP: 6/6
   940 | D:2      | Learned a level 3 spell: Spider Form
  1196 | D:2      | Noticed Jessica
  1205 | D:2      | Killed Jessica
  1205 | D:2      | Reached XP level 4. HP: 25/30 MP: 5/7
  1418 | D:2      | Reached skill level 4 in Unarmed Combat
  1799 | D:4      | Reached XP level 5. HP: 16/36 MP: 2/8
  2383 | D:3      | Reached skill level 1 in Poison Magic
  2701 | D:3      | Found an iron altar of Okawaru.
  2701 | D:3      | Found a white marble altar of Elyvilon.
  2919 | D:4      | Reached XP level 6. HP: 33/42 MP: 9/9
  2965 | D:4      | Killed from afar by an orc priest

Vault maps used:
D:1:      ldierk_water_garden, serial_glass, glass_columns_a, glass_columns_b
D:2:      corexii_shack, grunt_ministairs_14, uniq_jessica
D:3:      gammafunk_temple_overflow_statue, minmay_misc_feat_five
D:4:      nicolae_overflow_crystal_walls, minmay_temple_entry_statues_fountains,
          first_bread, uniq_robin

Skill      XL: |  1  2  3  4  5 |
---------------+----------------+-----
Fighting       | 2 3 |  3.5
Unarmed Combat | 4 |  4.8
Stealth        | 3 |  3.6
Poison Magic   | 2 |  2.6
Dodging        | |  2.0
Spellcasting   | |  2.0
Transmutations | |  2.0

Action                   |  1- 3 |  4- 6 || total
-------------------------+-------+-------++-------
Melee: Unarmed           |    41 |   114 ||   155
 Cast: Beastly Appendage |     1 |     5 ||     6
       Spider Form       |       |     4 ||     4
  Use: Scroll            |    10 |     2 ||    12
       Potion            |       |     1 ||     1
 Stab: Sleeping          |     5 |     6 ||    11
  Eat: Chunk             |       |     5 ||     5
       Royal jelly       |       |     1 ||     1
